Sharks vs Flames

Created - November 24, 2016 at 18:24

Goals
1 2 3 T
Sharks 1 0 1 2
Flames 1 3 0 4
Shots
1 2 3 T
Sharks 16 11 5 32
Flames 6 13 17 36

1st period

1. Flames , Jordan Martinook 6 (Jarret Stoll, Philip Samuelsson) at 2:09
2. Sharks , Anze Kopitar 5 (Andrej Sustr, Sam Reinhart) at 13:40 (PP)

Penalties :
Robert Bortuzzo (SJS) for High sticking (Minor) at 5:31, Alec Martinez (CGY) for Hooking (Minor) at 12:15, Robert Bortuzzo (SJS) for Delaying the game (Minor) at 16:30

2nd period

3. Flames , Ryan Getzlaf 5 (Alec Martinez, Kyle Palmieri) at 0:17
4. Flames , James van Riemsdyk 8 (John Carlson, Ryan Getzlaf) at 2:21
5. Flames , Devante Smith-Pelly 6 (Justin Faulk, Antoine Vermette) at 8:13

Penalties :
Marc Staal (SJS) for High sticking (Minor) at 19:41

3rd period

6. Sharks , Dave Bolland 4 (Anze Kopitar, Brenden Dillon) at 8:52

Penalties :
Brenden Dillon (SJS) for Roughing (Minor) at 6:20, Andrew Shaw (SJS) for Holding (Minor) at 12:57, Andrej Sustr (SJS) for Tripping (Minor) at 17:14

Goalie Stats

Jonas Hiller (SJS), 24 saves from 24 shots - (1.000), 31:47 minutes
Ryan Miller (SJS), 8 saves from 12 shots - (0.667), L, 3-8-1, 28:13 minutes
Ben Bishop (CGY), 30 saves from 32 shots - (0.938), W, 7-6-3, 60:00 minutes

Players Stats for Sharks

Player Name              G  A  P  +/- PIM S  H  SB GA TA FO     MP     PP MP  PK MP  
------------------------------------------------------------------------------------
Andrej Sustr             0  1  1  -1  2   1  0  2  0  0  0/0    25:11   1:01   5:52 
Andrew Shaw              0  0  0  -2  2   6  3  0  0  0  1/1    19:20   0:00   5:13 
Anze Kopitar             1  1  2  -1  0   4  3  0  0  0  16/25  21:19   1:01   0:00 
Brenden Dillon           0  1  1   0  2   1  4  1  0  0  0/0    26:15   1:01   4:20 
Brooks Laich             0  0  0   0  0   1  0  0  0  0  0/1    12:15   0:00   0:00 
Charlie Coyle            0  0  0   0  0   3  2  1  0  0  6/10   19:06   0:24   6:27 
Colin Miller             0  0  0  -1  0   0  0  0  0  0  0/0    21:08   0:00   3:15 
Darren Dietz             0  0  0  -2  0   0  1  2  0  0  0/0     5:24   0:24   0:00 
Dave Bolland             1  0  1   1  0   2  2  0  0  0  0/0     4:58   0:00   0:00 
Henrik Zetterberg        0  0  0  -2  0   1  0  0  0  0  1/1    17:41   1:01   1:20 
Justin Falk              0  0  0   0  0   0  0  0  0  0  0/0     2:14   0:00   0:07 
Marc Staal               0  0  0  -1  2   0  3  3  0  0  0/0    23:46   0:24   5:41 
Martin Havlat            0  0  0   1  0   1  0  0  0  0  3/5     4:58   0:00   0:00 
Nick Bjugstad            0  0  0   0  0   3  2  0  0  0  5/17   12:15   0:00   0:00 
Nikolay Kulemin          0  0  0  -2  0   3  1  1  0  0  0/1    19:53   0:24   5:21 
Robert Bortuzzo          0  0  0  -1  4   0  2  0  0  0  0/0    15:57   0:00   4:33 
Ryan Nugent-Hopkins      0  0  0  -2  0   0  0  0  0  0  13/22  14:32   0:24   0:00 
Sam Reinhart             0  1  1  -2  0   6  0  0  0  0  2/12   21:48   1:01   5:27 

Players Stats for Flames

Player Name              G  A  P  +/- PIM S  H  SB GA TA FO     MP     PP MP  PK MP  
------------------------------------------------------------------------------------
Alec Martinez            0  1  1   2  2   2  1  0  0  0  0/0    25:37   6:24   0:00 
Andrej Nestrasil         0  0  0  -1  0   3  0  0  0  0  3/5    14:51   1:20   0:18 
Andrew Miller            0  0  0   0  0   0  1  0  0  0  0/0     5:37   0:00   0:00 
Antoine Vermette         0  1  1   1  0   4  0  0  0  0  17/26  20:18   5:05   0:18 
Brady Skjei              0  0  0   1  0   1  0  1  0  0  0/0    16:41   5:30   1:01 
Bryan Rust               0  0  0   1  0   0  0  0  0  0  0/0     1:37   0:00   0:00 
Daniel Carr              0  0  0   0  0   1  0  0  0  0  0/1     5:37   0:00   0:00 
Devante Smith-Pelly      1  0  1   1  0   3  2  0  0  0  0/0    18:46   5:05   1:07 
James van Riemsdyk       1  0  1   2  0   5  2  0  0  0  0/2    23:36   6:49   0:00 
Jarome Iginla            0  0  0   1  0   4  0  0  0  0  2/3    17:54   5:29   0:00 
Jarret Stoll             0  1  1   0  0   1  1  0  0  0  8/18   12:59   0:00   1:07 
John Carlson             0  1  1   2  0   2  0  0  0  0  0/0    26:02   6:24   0:24 
Jordan Martinook         1  0  1   0  0   3  0  0  0  0  0/1    11:52   0:00   0:00 
Justin Faulk             0  1  1   0  0   1  0  0  0  0  0/0    17:17   0:00   0:00 
Kevan Miller             0  0  0   0  0   1  1  0  0  0  0/0    23:11   5:30   0:24 
Kyle Palmieri            0  1  1   2  0   2  1  0  0  0  1/2    21:52   5:05   0:00 
Philip Samuelsson        0  1  1   1  0   0  0  0  0  0  0/0    11:11   0:00   1:01 
Ryan Getzlaf             1  1  2   2  0   3  2  0  0  0  17/37  23:36   6:49   0:00 

3 Stars

1 - Ryan Getzlaf (CGY)
2 - James van Riemsdyk (CGY)
3 - Anze Kopitar (SJS)

Power Play

Sharks - 1 on 1 Attempt(s) - 100.00%
Flames - 0 on 6 Attempt(s) - 0.00%

Penalty Kill

Sharks - 6 on 6 Attempt(s) - 100.00% - Score 0 goal in Penalty Kill
Flames - 0 on 1 Attempt(s) - 0.00% - Score 0 goal in Penalty Kill

Team Stat

Sharks - Hits : 23 - Faceoff Wins : 47 - Blocked Shots : 10 - Penalty Minutes : 12
Flames - Hits : 11 - Faceoff Wins : 48 - Blocked Shots : 1 - Penalty Minutes : 2

Official

Referees : Kevin Pollock and Dave Lewis
Linesman : Ryan Galloway and Derek Nansen

Game Notes

Bryan Rust is injured at 5:31 of 1st period (Back Spasms)
Darren Dietz is injured at 2:35 of 2nd period (Strained Right Elbow)
Jonas Hiller enters game at 8:13 of 2nd period

Finance

Level 1 -- Attendance: 6130 (94.31%) -- Ticket Income $613,000
Level 2 -- Attendance: 5000 (100.00%) -- Ticket Income $275,000
Level 3 -- Attendance: 3335 (95.29%) -- Ticket Income $150,075
Level 4 -- Attendance: 2985 (90.76%) -- Ticket Income $74,625
Luxury Box -- Attendance: 959 (95.90%) -- Ticket Income $143,850
Game was played at the Scotiabank Saddledome.
Total Attendance: 18409 (95.44%)
Total Ticket Income: $1,256,550
Other Income: $188,482
Total Income: $1,445,032

% Time on Ice - Sharks

Lines # - Real PCT - Wanted PCT - Time Play
Normal Forward
1 - 33% - 33% - 15:20
2 - 30% - 30% - 14:08
3 - 26% - 27% - 12:15
4 - 11% - 10% - 4:58
Normal Defense
1 - 43% - 36% - 20:06
2 - 30% - 33% - 14:10
3 - 26% - 31% - 12:06
4 - 1% - 0% - 0:19
PP Forward
1 - 72% - 55% - 1:01
2 - 28% - 45% - 0:24
PP Defense
1 - 28% - 55% - 0:24
2 - 72% - 45% - 1:01
PK Forward
1 - 46% - 50% - 5:27
2 - 54% - 50% - 6:27
PK Defense
1 - 67% - 50% - 7:56
2 - 33% - 50% - 3:58
PK3 Forward
1 - 0% - 55%
2 - 0% - 45%
PK3 Defense
1 - 0% - 55%
2 - 0% - 45%
44 Forward
1 - 0% - 50%
2 - 0% - 50%
44 Defense
1 - 0% - 50%
2 - 0% - 50%
Last Minute Offensive  - 0:00
Last Minute Defensive  - 0:00
Total
Forward - 60:00
Defense - 60:00

% Time on Ice - Flames

Lines # - Real PCT - Wanted PCT - Time Play
Normal Forward
1 - 36% - 40% - 16:47
2 - 27% - 30% - 12:25
3 - 25% - 20% - 11:52
4 - 12% - 10% - 5:37
Normal Defense
1 - 41% - 40% - 19:14
2 - 30% - 30% - 14:08
3 - 22% - 20% - 10:10
4 - 7% - 10% - 3:09
PP Forward
1 - 57% - 60% - 6:49
2 - 43% - 40% - 5:05
PP Defense
1 - 54% - 60% - 6:24
2 - 46% - 40% - 5:30
PK Forward
1 - 79% - 60% - 1:07
2 - 21% - 40% - 0:18
PK Defense
1 - 72% - 60% - 1:01
2 - 28% - 40% - 0:24
PK3 Forward
1 - 0% - 60%
2 - 0% - 40%
PK3 Defense
1 - 0% - 60%
2 - 0% - 40%
44 Forward
1 - 0% - 60%
2 - 0% - 40%
44 Defense
1 - 0% - 60%
2 - 0% - 40%
Last Minute Offensive  - 0:00
Last Minute Defensive  - 0:00
Total
Forward - 60:00
Defense - 60:00

Play by Play

1st period


0:01 of 1st period - Anze Kopitar wins face-off versus Ryan Getzlaf in neutral zone.
0:21 of 1st period - Off-side.
0:22 of 1st period - Antoine Vermette wins face-off versus Nikolay Kulemin in neutral zone.
0:43 of 1st period - Shot by Andrew Shaw.
0:43 of 1st period - Stopped by Ben Bishop with a rebound.
0:45 of 1st period - Shot by Andrew Shaw.
0:45 of 1st period - Shot Hit the Post.
1:02 of 1st period - Shot by Antoine Vermette.
1:02 of 1st period - Shot Blocked by Brenden Dillon.
1:59 of 1st period - Shot by Kyle Palmieri.
1:59 of 1st period - Stopped by Ryan Miller without a rebound.
2:00 of 1st period - Anze Kopitar wins face-off versus Jarret Stoll in Sharks zone.
2:05 of 1st period - Shot by Jordan Martinook.
2:05 of 1st period - Shot Misses the Net.
2:07 of 1st period - Shot by Jarret Stoll.
2:07 of 1st period - Shot Blocked by Darren Dietz.
2:09 of 1st period - Shot by Jordan Martinook.
2:09 of 1st period - Goal by Jordan Martinook - Sharks : 0 - Flames : 1.
2:10 of 1st period - Martin Havlat wins face-off versus Kyle Palmieri in neutral zone.
2:17 of 1st period - Shot by Anze Kopitar.
2:17 of 1st period - Stopped by Ben Bishop without a rebound.
2:18 of 1st period - Anze Kopitar wins face-off versus Jarret Stoll in Flames zone.
2:40 of 1st period - Off-side.
2:41 of 1st period - Ryan Nugent-Hopkins wins face-off versus Ryan Getzlaf in neutral zone.
2:48 of 1st period - Shot by Andrew Shaw.
2:48 of 1st period - Stopped by Ben Bishop without a rebound.
2:49 of 1st period - Martin Havlat wins face-off versus Ryan Getzlaf in Flames zone.
2:50 of 1st period - Shot by Dave Bolland.
2:50 of 1st period - Stopped by Ben Bishop without a rebound.
2:51 of 1st period - Martin Havlat wins face-off versus Ryan Getzlaf in Flames zone.
2:54 of 1st period - Shot by Dave Bolland.
2:54 of 1st period - Shot Misses the Net.
4:12 of 1st period - Shot by Andrej Nestrasil.
4:12 of 1st period - Stopped by Ryan Miller without a rebound.
4:13 of 1st period - Jarret Stoll wins face-off versus Nick Bjugstad in Sharks zone.
4:18 of 1st period - Shot by Jordan Martinook.
4:18 of 1st period - Stopped by Ryan Miller without a rebound.
4:19 of 1st period - Ryan Nugent-Hopkins wins face-off versus Jarret Stoll in Sharks zone.
4:26 of 1st period - Shot by Nikolay Kulemin.
4:26 of 1st period - Stopped by Ben Bishop without a rebound.
4:27 of 1st period - Jarret Stoll wins face-off versus Nick Bjugstad in Flames zone.
4:27 of 1st period - Jarret Stoll is hit by Charlie Coyle.
4:36 of 1st period - Icing by Darren Dietz.
4:37 of 1st period - Ryan Getzlaf wins face-off versus Nick Bjugstad in Sharks zone.
4:51 of 1st period - Shot by Charlie Coyle.
4:51 of 1st period - Stopped by Ben Bishop without a rebound.
4:52 of 1st period - Jarret Stoll wins face-off versus Ryan Nugent-Hopkins in Flames zone.
5:30 of 1st period - Bryan Rust is hit by Robert Bortuzzo and loses puck.
5:31 of 1st period - Minor Penalty to Robert Bortuzzo for High sticking.
5:31 of 1st period - Bryan Rust from Flames is injured at 5:31 of 1st period (Back Spasms).
5:32 of 1st period - Ryan Getzlaf wins face-off versus Sam Reinhart in Sharks zone.
6:07 of 1st period - Shot by Ryan Getzlaf.
6:07 of 1st period - Shot Blocked by Charlie Coyle.
6:09 of 1st period - Shot by Alec Martinez.
6:09 of 1st period - Shot Blocked by Marc Staal.
7:05 of 1st period - Icing by Kevan Miller.
7:06 of 1st period - Antoine Vermette wins face-off versus Sam Reinhart in Flames zone.
8:57 of 1st period - Shot by Charlie Coyle.
8:57 of 1st period - Shot Misses the Net.
9:13 of 1st period - Shot by Ryan Nugent-Hopkins.
9:13 of 1st period - Shot Misses the Net.
10:06 of 1st period - Shot by Anze Kopitar.
10:06 of 1st period - Stopped by Ben Bishop without a rebound.
10:07 of 1st period - Nick Bjugstad wins face-off versus Ryan Getzlaf in Flames zone.
11:12 of 1st period - Off-side.
11:13 of 1st period - Andrej Nestrasil wins face-off versus Anze Kopitar in neutral zone.
11:53 of 1st period - Icing by Brenden Dillon.
11:54 of 1st period - Anze Kopitar wins face-off versus Ryan Getzlaf in Sharks zone.
11:58 of 1st period - Off-side.
11:59 of 1st period - Ryan Nugent-Hopkins wins face-off versus Ryan Getzlaf in neutral zone.
12:08 of 1st period - Shot by Andrew Shaw.
12:08 of 1st period - Stopped by Ben Bishop without a rebound.
12:09 of 1st period - Ryan Nugent-Hopkins wins face-off versus Ryan Getzlaf in Flames zone.
12:09 of 1st period - Ryan Nugent-Hopkins is hit by Alec Martinez.
12:15 of 1st period - Shot by Andrew Shaw.
12:15 of 1st period - Stopped by Ben Bishop without a rebound.
12:15 of 1st period - Minor Penalty to Alec Martinez for Hooking.
12:16 of 1st period - Anze Kopitar wins face-off versus Jarret Stoll in Flames zone.
12:54 of 1st period - Shot by Henrik Zetterberg.
12:54 of 1st period - Stopped by Ben Bishop without a rebound.
12:55 of 1st period - Ryan Nugent-Hopkins wins face-off versus Jarret Stoll in Flames zone.
13:18 of 1st period - Shot by Charlie Coyle.
13:18 of 1st period - Stopped by Ben Bishop without a rebound.
13:19 of 1st period - Jarret Stoll wins face-off versus Anze Kopitar in Flames zone.
13:34 of 1st period - Shot by Sam Reinhart.
13:34 of 1st period - Stopped by Ben Bishop with a rebound.
13:36 of 1st period - Shot by Sam Reinhart.
13:36 of 1st period - Shot Misses the Net.
13:38 of 1st period - Shot by Andrej Sustr.
13:38 of 1st period - Shot Blocked by Brady Skjei.
13:40 of 1st period - Shot by Anze Kopitar.
13:40 of 1st period - Goal by Anze Kopitar - Sharks : 1 - Flames : 1.
13:41 of 1st period - Ryan Nugent-Hopkins wins face-off versus Ryan Getzlaf in neutral zone.
13:44 of 1st period - Shot by Nikolay Kulemin.
13:44 of 1st period - Shot Misses the Net.
13:58 of 1st period - Shot by Andrew Shaw.
13:58 of 1st period - Stopped by Ben Bishop without a rebound.
13:59 of 1st period - Andrej Nestrasil wins face-off versus Anze Kopitar in Flames zone.
15:00 of 1st period - Antoine Vermette is hit by Brenden Dillon and loses puck.
16:08 of 1st period - Icing by Charlie Coyle.
16:09 of 1st period - Nick Bjugstad wins face-off versus Ryan Getzlaf in Sharks zone.
16:09 of 1st period - Nick Bjugstad is hit by James van Riemsdyk.
16:22 of 1st period - James van Riemsdyk is hit by Robert Bortuzzo and loses puck.
16:30 of 1st period - Minor Penalty to Robert Bortuzzo for Delaying the game.
16:31 of 1st period - Andrew Shaw wins face-off versus Ryan Getzlaf in Sharks zone.
16:40 of 1st period - Shot by James van Riemsdyk.
16:40 of 1st period - Stopped by Ryan Miller with a rebound.
17:07 of 1st period - Icing by Ryan Getzlaf.
17:08 of 1st period - Charlie Coyle wins face-off versus Andrej Nestrasil in Flames zone.
17:46 of 1st period - Shot by Sam Reinhart.
17:46 of 1st period - Deflect By Nikolay Kulemin.
17:46 of 1st period - Shot Misses the Net.
17:50 of 1st period - Shot by Nikolay Kulemin.
17:50 of 1st period - Stopped by Ben Bishop without a rebound.
17:51 of 1st period - Antoine Vermette wins face-off versus Sam Reinhart in Flames zone.
17:51 of 1st period - Antoine Vermette is hit by Nikolay Kulemin.
18:00 of 1st period - Shot by Alec Martinez.
18:00 of 1st period - Shot Misses the Net.
18:02 of 1st period - Shot by Alec Martinez.
18:02 of 1st period - Stopped by Ryan Miller without a rebound.
18:03 of 1st period - Charlie Coyle wins face-off versus Antoine Vermette in Sharks zone.
18:30 of 1st period - Shot by Kyle Palmieri.
18:30 of 1st period - Shot Misses the Net.
18:38 of 1st period - Shot by Dave Bolland.
18:38 of 1st period - Deflect By Anze Kopitar.
18:38 of 1st period - Stopped by Ben Bishop without a rebound.
18:39 of 1st period - Anze Kopitar wins face-off versus Jarret Stoll in Flames zone.
18:42 of 1st period - Shot by Sam Reinhart.
18:42 of 1st period - Shot Misses the Net.
19:38 of 1st period - Icing by Brenden Dillon.
19:39 of 1st period - Anze Kopitar wins face-off versus Ryan Getzlaf in Sharks zone.
19:46 of 1st period - Sam Reinhart is hit by James van Riemsdyk and loses puck.
Goals for this period are 1 for Sharks vs 1 for Flames.
Shots for this period are 16 for Sharks vs 6 for Flames.

2nd period


0:01 of 2nd period - Ryan Nugent-Hopkins wins face-off versus Ryan Getzlaf in neutral zone.
0:11 of 2nd period - James van Riemsdyk is hit by Darren Dietz.
0:17 of 2nd period - Shot by Ryan Getzlaf.
0:17 of 2nd period - Goal by Ryan Getzlaf - Sharks : 1 - Flames : 2.
0:18 of 2nd period - Antoine Vermette wins face-off versus Nick Bjugstad in neutral zone.
0:31 of 2nd period - Shot by Brooks Laich.
0:31 of 2nd period - Shot Misses the Net.
0:33 of 2nd period - Shot by Andrej Sustr.
0:33 of 2nd period - Stopped by Ben Bishop without a rebound.
0:34 of 2nd period - Henrik Zetterberg wins face-off versus James van Riemsdyk in Flames zone.
0:43 of 2nd period - Shot by Sam Reinhart.
0:43 of 2nd period - Stopped by Ben Bishop without a rebound.
0:44 of 2nd period - Ryan Nugent-Hopkins wins face-off versus Antoine Vermette in Flames zone.
1:12 of 2nd period - Shot by Antoine Vermette.
1:12 of 2nd period - Shot Blocked by Andrej Sustr.
2:15 of 2nd period - Shot by James van Riemsdyk.
2:15 of 2nd period - Deflect By Ryan Getzlaf.
2:15 of 2nd period - Shot Misses the Net.
2:17 of 2nd period - Shot by James van Riemsdyk.
2:17 of 2nd period - Stopped by Ryan Miller with a rebound.
2:19 of 2nd period - Shot by John Carlson.
2:19 of 2nd period - Shot Misses the Net.
2:21 of 2nd period - Shot by James van Riemsdyk.
2:21 of 2nd period - Goal by James van Riemsdyk - Sharks : 1 - Flames : 3.
2:22 of 2nd period - Jarret Stoll wins face-off versus Anze Kopitar in neutral zone.
2:31 of 2nd period - Shot by Jarret Stoll.
2:31 of 2nd period - Shot Blocked by Marc Staal.
2:33 of 2nd period - Shot by Brady Skjei.
2:33 of 2nd period - Shot Misses the Net.
2:35 of 2nd period - Shot by Jordan Martinook.
2:35 of 2nd period - Deflect By Andrej Nestrasil.
2:35 of 2nd period - Shot Blocked by Darren Dietz.
2:35 of 2nd period - Darren Dietz from Sharks is injured at 2:35 of 2nd period (Strained Right Elbow).
2:36 of 2nd period - Nick Bjugstad wins face-off versus Daniel Carr in Sharks zone.
2:51 of 2nd period - Shot by Nick Bjugstad.
2:51 of 2nd period - Stopped by Ben Bishop without a rebound.
2:52 of 2nd period - Anze Kopitar wins face-off versus Ryan Getzlaf in Flames zone.
2:55 of 2nd period - Shot by Sam Reinhart.
2:55 of 2nd period - Stopped by Ben Bishop with a rebound.
5:12 of 2nd period - Shot by Andrej Nestrasil.
5:12 of 2nd period - Shot Misses the Net.
5:14 of 2nd period - Shot by Jordan Martinook.
5:14 of 2nd period - Deflect By Andrej Nestrasil.
5:14 of 2nd period - Stopped by Ryan Miller without a rebound.
5:15 of 2nd period - Ryan Getzlaf wins face-off versus Martin Havlat in Sharks zone.
5:15 of 2nd period - John Carlson is hit by Brenden Dillon.
5:17 of 2nd period - Shot by James van Riemsdyk.
5:17 of 2nd period - Stopped by Ryan Miller without a rebound.
5:18 of 2nd period - Ryan Getzlaf wins face-off versus Anze Kopitar in Sharks zone.
5:39 of 2nd period - Shot by Anze Kopitar.
5:39 of 2nd period - Deflect By Henrik Zetterberg.
5:39 of 2nd period - Shot Misses the Net.
5:41 of 2nd period - Shot by Brenden Dillon.
5:41 of 2nd period - Stopped by Ben Bishop without a rebound.
5:42 of 2nd period - Nick Bjugstad wins face-off versus Antoine Vermette in Flames zone.
5:42 of 2nd period - Nick Bjugstad is hit by Kevan Miller.
5:44 of 2nd period - Shot by Charlie Coyle.
5:44 of 2nd period - Shot Misses the Net.
5:46 of 2nd period - Shot by Nick Bjugstad.
5:46 of 2nd period - Stopped by Ben Bishop without a rebound.
5:47 of 2nd period - Antoine Vermette wins face-off versus Nick Bjugstad in Flames zone.
5:59 of 2nd period - Icing by Kevan Miller.
6:00 of 2nd period - Antoine Vermette wins face-off versus Anze Kopitar in Flames zone.
6:00 of 2nd period - Antoine Vermette is hit by Anze Kopitar.
6:40 of 2nd period - Shot by Sam Reinhart.
6:40 of 2nd period - Stopped by Ben Bishop without a rebound.
6:41 of 2nd period - Ryan Getzlaf wins face-off versus Brooks Laich in Flames zone.
6:43 of 2nd period - Icing by James van Riemsdyk.
6:44 of 2nd period - Ryan Getzlaf wins face-off versus Nick Bjugstad in Flames zone.
6:44 of 2nd period - Ryan Getzlaf is hit by Nick Bjugstad.
7:09 of 2nd period - Icing by Ryan Getzlaf.
7:10 of 2nd period - Ryan Nugent-Hopkins wins face-off versus Ryan Getzlaf in Flames zone.
8:13 of 2nd period - Shot by Devante Smith-Pelly.
8:13 of 2nd period - Goal by Devante Smith-Pelly - Sharks : 1 - Flames : 4.
8:13 of 2nd period - Jonas Hiller enters game.
8:14 of 2nd period - Jarret Stoll wins face-off versus Nick Bjugstad in neutral zone.
8:36 of 2nd period - Jordan Martinook is hit by Brenden Dillon and loses puck.
8:49 of 2nd period - Shot by Charlie Coyle.
8:49 of 2nd period - Stopped by Ben Bishop without a rebound.
8:50 of 2nd period - Anze Kopitar wins face-off versus Antoine Vermette in Flames zone.
8:57 of 2nd period - Anze Kopitar is hit by Devante Smith-Pelly and loses puck.
9:10 of 2nd period - Shot by Sam Reinhart.
9:10 of 2nd period - Shot Hit the Post.
9:27 of 2nd period - Icing by Henrik Zetterberg.
9:28 of 2nd period - Anze Kopitar wins face-off versus Ryan Getzlaf in Sharks zone.
9:53 of 2nd period - Brenden Dillon is hit by Kyle Palmieri and loses puck.
10:28 of 2nd period - Shot by Andrej Nestrasil.
10:28 of 2nd period - Stopped by Jonas Hiller without a rebound.
10:29 of 2nd period - Antoine Vermette wins face-off versus Nick Bjugstad in Sharks zone.
10:36 of 2nd period - Shot by Antoine Vermette.
10:36 of 2nd period - Stopped by Jonas Hiller without a rebound.
10:37 of 2nd period - Antoine Vermette wins face-off versus Nick Bjugstad in Sharks zone.
12:06 of 2nd period - Icing by Alec Martinez.
12:07 of 2nd period - Ryan Getzlaf wins face-off versus Ryan Nugent-Hopkins in Flames zone.
12:07 of 2nd period - Ryan Getzlaf is hit by Andrew Shaw.
12:12 of 2nd period - James van Riemsdyk is hit by Andrew Shaw and loses puck.
12:36 of 2nd period - Shot by Andrew Shaw.
12:36 of 2nd period - Stopped by Ben Bishop without a rebound.
12:37 of 2nd period - Jarome Iginla wins face-off versus Nick Bjugstad in Flames zone.
13:28 of 2nd period - Shot by Sam Reinhart.
13:28 of 2nd period - Stopped by Ben Bishop with a rebound.
14:10 of 2nd period - Shot by Andrej Nestrasil.
14:10 of 2nd period - Shot Misses the Net.
14:14 of 2nd period - Shot by Jarret Stoll.
14:14 of 2nd period - Stopped by Jonas Hiller without a rebound.
14:15 of 2nd period - Kyle Palmieri wins face-off versus Ryan Nugent-Hopkins in Sharks zone.
14:28 of 2nd period - Shot by James van Riemsdyk.
14:28 of 2nd period - Stopped by Jonas Hiller without a rebound.
14:29 of 2nd period - Nick Bjugstad wins face-off versus James van Riemsdyk in Sharks zone.
14:42 of 2nd period - Ryan Getzlaf is hit by Marc Staal.
14:47 of 2nd period - Kyle Palmieri is hit by Marc Staal and loses puck.
15:55 of 2nd period - Icing by Jarret Stoll.
15:56 of 2nd period - Anze Kopitar wins face-off versus Jordan Martinook in Flames zone.
15:57 of 2nd period - Shot by Sam Reinhart.
15:57 of 2nd period - Stopped by Ben Bishop with a rebound.
16:00 of 2nd period - Icing by Kevan Miller.
16:01 of 2nd period - Anze Kopitar wins face-off versus Jarret Stoll in Flames zone.
16:31 of 2nd period - Anze Kopitar is hit by Ryan Getzlaf.
18:21 of 2nd period - Shot by Antoine Vermette.
18:21 of 2nd period - Stopped by Jonas Hiller with a rebound.
18:23 of 2nd period - Shot by Jarome Iginla.
18:23 of 2nd period - Stopped by Jonas Hiller without a rebound.
18:24 of 2nd period - Andrej Nestrasil wins face-off versus Martin Havlat in Sharks zone.
18:33 of 2nd period - Shot by Andrej Nestrasil.
18:33 of 2nd period - Shot Misses the Net.
18:35 of 2nd period - Shot by Justin Faulk.
18:35 of 2nd period - Stopped by Jonas Hiller without a rebound.
18:36 of 2nd period - Jarret Stoll wins face-off versus Anze Kopitar in Sharks zone.
19:22 of 2nd period - Icing by Colin Miller.
19:23 of 2nd period - Anze Kopitar wins face-off versus Antoine Vermette in Sharks zone.
19:41 of 2nd period - Minor Penalty to Marc Staal for High sticking.
19:42 of 2nd period - Ryan Getzlaf wins face-off versus Charlie Coyle in Sharks zone.
Goals for this period are 0 for Sharks vs 3 for Flames.
Shots for this period are 11 for Sharks vs 13 for Flames.

3rd period


0:01 of 3rd period - Sam Reinhart wins face-off versus Jarome Iginla in neutral zone.
0:16 of 3rd period - Shot by Jarome Iginla.
0:16 of 3rd period - Shot Blocked by Andrej Sustr.
0:20 of 3rd period - Shot by Ryan Getzlaf.
0:20 of 3rd period - Stopped by Jonas Hiller without a rebound.
0:21 of 3rd period - Charlie Coyle wins face-off versus Antoine Vermette in Sharks zone.
0:36 of 3rd period - Shot by Antoine Vermette.
0:36 of 3rd period - Stopped by Jonas Hiller without a rebound.
0:37 of 3rd period - Jarome Iginla wins face-off versus Sam Reinhart in Sharks zone.
2:02 of 3rd period - Shot by Martin Havlat.
2:02 of 3rd period - Stopped by Ben Bishop without a rebound.
2:03 of 3rd period - Anze Kopitar wins face-off versus Jarret Stoll in Flames zone.
3:00 of 3rd period - John Carlson is hit by Nick Bjugstad.
3:22 of 3rd period - Shot by Kyle Palmieri.
3:22 of 3rd period - Stopped by Jonas Hiller with a rebound.
3:24 of 3rd period - Shot by Alec Martinez.
3:24 of 3rd period - Stopped by Jonas Hiller without a rebound.
3:25 of 3rd period - Antoine Vermette wins face-off versus Ryan Nugent-Hopkins in Sharks zone.
3:28 of 3rd period - Shot by Jarome Iginla.
3:28 of 3rd period - Stopped by Jonas Hiller with a rebound.
3:31 of 3rd period - Icing by Marc Staal.
3:32 of 3rd period - Ryan Nugent-Hopkins wins face-off versus Antoine Vermette in Sharks zone.
3:32 of 3rd period - Ryan Nugent-Hopkins is hit by Devante Smith-Pelly.
3:46 of 3rd period - Shot by Nikolay Kulemin.
3:46 of 3rd period - Shot Misses the Net.
4:13 of 3rd period - Icing by Kevan Miller.
4:14 of 3rd period - Antoine Vermette wins face-off versus Sam Reinhart in Flames zone.
4:26 of 3rd period - Icing by Andrej Sustr.
4:27 of 3rd period - Anze Kopitar wins face-off versus Ryan Getzlaf in Sharks zone.
6:01 of 3rd period - Icing by Brenden Dillon.
6:02 of 3rd period - Antoine Vermette wins face-off versus Ryan Nugent-Hopkins in Sharks zone.
6:02 of 3rd period - Devante Smith-Pelly is hit by Brenden Dillon and loses puck.
6:06 of 3rd period - Icing by Marc Staal.
6:07 of 3rd period - Antoine Vermette wins face-off versus Ryan Nugent-Hopkins in Sharks zone.
6:13 of 3rd period - Icing by Ryan Nugent-Hopkins.
6:14 of 3rd period - Ryan Getzlaf wins face-off versus Ryan Nugent-Hopkins in Sharks zone.
6:20 of 3rd period - Minor Penalty to Brenden Dillon for Roughing.
6:21 of 3rd period - Ryan Getzlaf wins face-off versus Sam Reinhart in Sharks zone.
6:38 of 3rd period - Icing by Alec Martinez.
6:39 of 3rd period - Ryan Getzlaf wins face-off versus Sam Reinhart in Flames zone.
6:56 of 3rd period - Shot by Ryan Getzlaf.
6:56 of 3rd period - Stopped by Jonas Hiller without a rebound.
6:57 of 3rd period - Antoine Vermette wins face-off versus Charlie Coyle in Sharks zone.
7:24 of 3rd period - Shot by Kevan Miller.
7:24 of 3rd period - Stopped by Jonas Hiller with a rebound.
7:30 of 3rd period - Shot by Devante Smith-Pelly.
7:30 of 3rd period - Shot Blocked by Marc Staal.
8:01 of 3rd period - Off-side.
8:02 of 3rd period - Sam Reinhart wins face-off versus Ryan Getzlaf in neutral zone.
8:52 of 3rd period - Shot by Dave Bolland.
8:52 of 3rd period - Goal by Dave Bolland - Sharks : 2 - Flames : 4.
8:53 of 3rd period - Ryan Getzlaf wins face-off versus Nick Bjugstad in neutral zone.
9:21 of 3rd period - Shot by Nick Bjugstad.
9:21 of 3rd period - Stopped by Ben Bishop with a rebound.
9:33 of 3rd period - Shot by Alec Martinez.
9:33 of 3rd period - Shot Misses the Net.
9:49 of 3rd period - Andrej Sustr is hit by Ryan Getzlaf and loses puck.
10:28 of 3rd period - Icing by Ryan Nugent-Hopkins.
10:29 of 3rd period - Ryan Nugent-Hopkins wins face-off versus Jarret Stoll in Sharks zone.
10:34 of 3rd period - Kevan Miller is hit by Andrew Shaw and loses puck.
10:41 of 3rd period - Nikolay Kulemin is hit by Jarret Stoll and loses puck.
10:46 of 3rd period - Shot by Jarret Stoll.
10:46 of 3rd period - Shot Hit the Post.
10:54 of 3rd period - Shot by Andrej Nestrasil.
10:54 of 3rd period - Shot Misses the Net.
10:56 of 3rd period - Shot by Jordan Martinook.
10:56 of 3rd period - Stopped by Jonas Hiller without a rebound.
10:57 of 3rd period - Antoine Vermette wins face-off versus Anze Kopitar in Sharks zone.
11:00 of 3rd period - Shot by Devante Smith-Pelly.
11:00 of 3rd period - Deflect By Antoine Vermette.
11:00 of 3rd period - Stopped by Jonas Hiller with a rebound.
11:02 of 3rd period - Shot by Brady Skjei.
11:02 of 3rd period - Stopped by Jonas Hiller without a rebound.
11:03 of 3rd period - Ryan Getzlaf wins face-off versus Anze Kopitar in Sharks zone.
11:18 of 3rd period - John Carlson is hit by Anze Kopitar.
11:19 of 3rd period - Icing by John Carlson.
11:20 of 3rd period - Ryan Getzlaf wins face-off versus Ryan Nugent-Hopkins in Flames zone.
11:49 of 3rd period - Icing by John Carlson.
11:50 of 3rd period - Anze Kopitar wins face-off versus Ryan Getzlaf in Flames zone.
12:16 of 3rd period - Ryan Getzlaf is hit by Anze Kopitar and loses puck.
12:46 of 3rd period - Shot by Jarome Iginla.
12:46 of 3rd period - Stopped by Jonas Hiller without a rebound.
12:47 of 3rd period - Ryan Nugent-Hopkins wins face-off versus Andrej Nestrasil in Sharks zone.
12:47 of 3rd period - Ryan Nugent-Hopkins is hit by Andrew Miller.
12:57 of 3rd period - Minor Penalty to Andrew Shaw for Holding.
12:58 of 3rd period - Charlie Coyle wins face-off versus Antoine Vermette in Sharks zone.
13:03 of 3rd period - Antoine Vermette is hit by Charlie Coyle.
13:23 of 3rd period - Shot by Kevan Miller.
13:23 of 3rd period - Shot Blocked by Nikolay Kulemin.
13:25 of 3rd period - Shot by Antoine Vermette.
13:25 of 3rd period - Shot Misses the Net.
13:35 of 3rd period - Shot by Devante Smith-Pelly.
13:35 of 3rd period - Shot Misses the Net.
14:05 of 3rd period - Shot by John Carlson.
14:05 of 3rd period - Stopped by Jonas Hiller without a rebound.
14:06 of 3rd period - Ryan Getzlaf wins face-off versus Charlie Coyle in Sharks zone.
14:15 of 3rd period - Shot by Jarome Iginla.
14:15 of 3rd period - Stopped by Jonas Hiller without a rebound.
14:16 of 3rd period - Charlie Coyle wins face-off versus Antoine Vermette in Sharks zone.
14:34 of 3rd period - Icing by Kyle Palmieri.
14:35 of 3rd period - Antoine Vermette wins face-off versus Charlie Coyle in Flames zone.
14:54 of 3rd period - Shot by Kyle Palmieri.
14:54 of 3rd period - Deflect By Devante Smith-Pelly.
14:54 of 3rd period - Stopped by Jonas Hiller without a rebound.
14:55 of 3rd period - Ryan Getzlaf wins face-off versus Sam Reinhart in Sharks zone.
14:56 of 3rd period - Shot by John Carlson.
14:56 of 3rd period - Stopped by Jonas Hiller with a rebound.
15:19 of 3rd period - Shot by Anze Kopitar.
15:19 of 3rd period - Shot Misses the Net.
15:32 of 3rd period - Jarret Stoll is hit by Dave Bolland and loses puck.
15:40 of 3rd period - Icing by Andrej Nestrasil.
15:41 of 3rd period - Jarret Stoll wins face-off versus Ryan Nugent-Hopkins in Flames zone.
16:34 of 3rd period - Shot by Brooks Laich.
16:34 of 3rd period - Stopped by Ben Bishop without a rebound.
16:35 of 3rd period - Ryan Getzlaf wins face-off versus Nick Bjugstad in Flames zone.
16:56 of 3rd period - James van Riemsdyk is hit by Marc Staal and loses puck.
17:14 of 3rd period - Minor Penalty to Andrej Sustr for Tripping.
17:15 of 3rd period - Antoine Vermette wins face-off versus Sam Reinhart in Sharks zone.
17:28 of 3rd period - Shot by Antoine Vermette.
17:28 of 3rd period - Shot Misses the Net.
17:30 of 3rd period - Shot by Devante Smith-Pelly.
17:30 of 3rd period - Stopped by Jonas Hiller without a rebound.
17:31 of 3rd period - Charlie Coyle wins face-off versus Ryan Getzlaf in Sharks zone.
19:11 of 3rd period - Shot by Sam Reinhart.
19:11 of 3rd period - Deflect By Nikolay Kulemin.
19:11 of 3rd period - Stopped by Ben Bishop without a rebound.
19:12 of 3rd period - Antoine Vermette wins face-off versus Sam Reinhart in Flames zone.
19:26 of 3rd period - Daniel Carr is hit by Dave Bolland and loses puck.
19:42 of 3rd period - Shot by Daniel Carr.
19:42 of 3rd period - Stopped by Jonas Hiller without a rebound.
19:43 of 3rd period - Ryan Nugent-Hopkins wins face-off versus Jarret Stoll in Sharks zone.
Goals for this period are 1 for Sharks vs 0 for Flames.
Shots for this period are 5 for Sharks vs 17 for Flames.